 Dungeon Crawl Stone Soup version 0.21-a0-401-g0b6bec4 (webtiles) character file.

172 Klosterheim the Gusty (level 5, -5/28 HPs)
             Began as a Tengu Air Elementalist on Oct 22, 2017.
             Slain by an orc warrior
             ... wielding a +0 long sword
              (11 damage)
             ... on level 3 of the Dungeon.
             The game lasted 00:08:29 (2580 turns).

Klosterheim the Gusty (Tengu Air Elementalist)      Turns: 2580, Time: 00:08:30

Health: -5/28      AC:  2    Str:  8    XL:     5   Next: 52%
Magic:  5/10       EV: 12    Int: 17    God:
Gold:   125        SH:  0    Dex: 14    Spells: 6/9 levels left

rFire    . . .     SeeInvis .   (no weapon)
rCold    . . .     Gourm    .   (no shield)
rNeg     . . .     Faith    .   a - +0 robe
rPois    .         Spirit   .   (helmet restricted)
rElec    .         Reflect  .   (no cloak)
rCorr    .         Harm     .   (no gloves)
MR       .....                  (boots unavailable)
Stlth    ++........             (no amulet)
HPRegen  0.09/turn              (no ring)
MPRegen  0.12/turn              (no ring)

@: swift, quick
A: beak, talons 3, able to fly 1
a: Fly


You were on level 3 of the Dungeon.
You were not hungry.

You visited 1 branch of the dungeon, and saw 3 of its levels.

You collected 125 gold pieces.

Inventory:

Armour
 a - a +0 robe (worn)
 m - a +0 pair of gloves
Wands
 r - a wand of confusion (27/48)
Scrolls
 e - 2 scrolls of teleportation
 g - a scroll of fog
 o - a scroll of amnesia {unknown}
 p - a scroll of remove curse
 q - a scroll of random uselessness {unknown}
Potions
 d - 2 potions of curing {unknown}
 i - a potion of magic {unknown}
 k - a potion of invisibility {unknown}
 n - a potion of haste
 s - a potion of mutation {unknown}
Books
 b - a book of Air

   Spells                             Type                      Level
   a - Shock                          Conjuration/Air              1
   b - Swiftness                      Charms/Air                   2
   c - Static Discharge               Conjuration/Air              3
   d - Airstrike                      Air                          4
   e - Lightning Bolt                 Conjuration/Air              5
Comestibles
 c - 4 bread rations
 f - 4 fruits
 h - 2 royal jellies
 j - a meat ration
 l - a chunk of flesh


   Skills:
 - Level 2.1 Dodging
 - Level 2.0 Stealth
 + Level 2.9 Spellcasting
 * Level 4.0 Conjurations
 * Level 6.1 Air Magic


You had 6 spell levels left.
You knew the following spells:

 Your Spells              Type           Power        Failure   Level  Hunger
a - Shock                 Conj/Air       ###.         2%          1    None
b - Swiftness             Chrm/Air       ##......     8%          2    ##.....


Dungeon Overview and Level Annotations

Branches:
Dungeon (3/15)

Altars:


Innate Abilities, Weirdness & Mutations

You have a beak for a mouth.
You have claws for feet.
You can fly.


Message History

The orc warrior is moderately wounded.
The zap hits the orc warrior.
The orc warrior is moderately wounded.
The orc warrior closely misses you.
Casting: Shock
Confirm with . or Enter, or press ? or * to list all spells.
Aiming: Shock
Press: ? - help, Shift-Dir - straight line The zap hits the orc warrior.
The orc warrior is heavily wounded.
The zap hits the orc warrior.
The orc warrior is severely wounded.
The orc warrior hits you with a long sword!
* * * LOW HITPOINT WARNING * * *
Some of the chunks of flesh in your inventory have rotted away.
Casting: Shock
Confirm with . or Enter, or press ? or * to list all spells.
You feel quick.
The orc warrior hits you with a long sword!
You die...

#.....# ##.).##
#.....# ##'########
#.....# #.#.......
#####.# #o#.#####. #.#
##.#.# #. ####.##
##....#####. #.....###
#.....#.....
#.##..#.####....#.###.
# #.@o..####.#.#.###.
#....).............
##.%..####.########
#.....#.## #.#
######### #.# #.# #.#
#.# #.#####


You could see an orc warrior.

Vanquished Creatures
  A scorpion (D:2)
  3 adders (D:2)
  An ooze (D:1)
  3 worms (D:2)
  4 dart slugs (D:2)
  A leopard gecko (D:2)
  2 orcs (D:3)
  4 bats
  4 giant cockroaches
  11 goblins
  8 hobgoblins
  5 jackals
  A quokka (D:3)
  3 ball pythons
  5 frilled lizards
  7 kobolds (D:1)
  5 rats
68 creatures vanquished.

Notes
Turn   | Place    | Note
-------+----------+-------------------------------------------
     0 | D:1      | Klosterheim the Tengu Air Elementalist began the quest for the Orb.
     0 | D:1      | Reached XP level 1. HP: 10/10 MP: 4/4
   165 | D:1      | Reached XP level 2. HP: 14/15 MP: 1/6
   497 | D:1      | Learned a level 2 spell: Swiftness
   530 | D:1      | Reached XP level 3. HP: 19/19 MP: 1/7
   788 | D:1      | Reached skill level 5 in Air Magic
  1314 | D:2      | Reached XP level 4. HP: 19/24 MP: 0/8
  1428 | D:2      | Found a faded altar of an unknown god.
  1569 | D:2      | Gained mutation: You can fly. [Tengu growth]
  1569 | D:2      | Reached XP level 5. HP: 24/28 MP: 1/10
  2017 | D:2      | Reached skill level 6 in Air Magic
  2489 | D:3      | Noticed an orc warrior
  2580 | D:3      | Slain by an orc warrior

Vault maps used:
D:1:      dpeg_arrival_three_same_balls, st_stairs_9
D:2:      chequers_ecumenical_altar_simple_redux, minmay_fountain_box
D:3:      first_bread

Skill      XL: |  1  2  3  4  5 |
---------------+----------------+-----
Conjurations   | 2 3 4 |  4.0
Air Magic      | 5 6 |  6.1
Dodging        | |  2.1
Stealth        | |  2.0
Spellcasting   | |  2.9

Action                   |  1- 3 |  4- 6 || total
-------------------------+-------+-------++-------
Melee: Unarmed           |    22 |     5 ||    27
       Kick              |     3 |     1 ||     4
       Peck              |     1 |       ||     1
 Cast: Shock             |    64 |    89 ||   153
       Swiftness         |       |     1 ||     1
  Use: Scroll            |     3 |       ||     3
  Eat: Chunk             |     2 |     4 ||     6
Armor: Robe              |     4 |     4 ||     8
Dodge: Dodged            |    29 |    22 ||    51

Table legend:
 A = Spawn XP
 B = Non-spawn XP
 C = Spawn XP percentage of total XP
 D = Spawn monster count
 E = Non-spawn monster count
 F = Spawn count percentage of total count
 G = Total turns spent on level
                    A         B        C        D         E        F      G
               +---------+---------+-------+---------+---------+-------+---------
         Total |       0 |     246 |   0.0 |       0 |      68 |   0.0 |  2580
               +---------+---------+-------+---------+---------+-------+---------
           D:1 |       0 |      57 |   0.0 |       0 |      31 |   0.0 |  1277
           D:2 |       0 |     171 |   0.0 |       0 |      27 |   0.0 |   974
           D:3 |       0 |      18 |   0.0 |       0 |      10 |   0.0 |   329
               +---------+---------+-------+---------+---------+-------+---------
